 Dungeon Crawl Stone Soup version 0.18-a0-1628-g61c6396 (webtiles) character file.

184 Oddball22 the Insei (level 5, 0/25 HPs)
             Began as a Vine Stalker Transmuter on Mar 25, 2016.
             Succumbed to an orc wizard's poison
             ... on level 4 of the Dungeon.
             The game lasted 00:05:15 (2116 turns).

Oddball22 the Insei (Vine Stalker Transmuter)       Turns: 2116, Time: 00:05:16

Health: 0/25       AC:  2    Str: 12    XL:     5   Next: 63%
Magic:  1/19       EV: 12    Int: 13    God:
Gold:   100        SH:  0    Dex: 16    Spells: 3 memorised, 1 level left

rFire  . . .     SeeInvis .       - Unarmed
rCold  . . .     Gourm    .     b - +0 robe
rNeg   . . .     Faith    .     (no shield)
rPois  .         Spirit   +     (no helmet)
rElec  .         Dismiss  .     (no cloak)
rCorr  .         Reflect  .     (no gloves)
SustAt .         Harm     .     (boots currently unavailable)
MR     .....                    (no amulet)
Stlth  ..........               f - ring of loudness (curse)
                                h - ring of magical power (curse)

@: confused, lethally poisoned (0 -> -15), appendage, not resistant to hostile
enchantments, extremely unstealthy
A: fangs 2, talons 3, regeneration 1, magic shield, antimagic bite, no device
heal 3, rot immunity
a: End Transformation


You were on level 4 of the Dungeon.
You were hungry.
You had grown temporary talons.
You visited 1 branch of the dungeon, and saw 4 of its levels.

You collected 100 gold pieces.

Inventory:

Missiles
 a - 12 arrows
Armour
 b - a +0 robe (worn)
Jewellery
 f - a cursed ring of loudness (right hand)
 h - a cursed ring of magical power (left hand)
Scrolls
 e - 2 scrolls of noise {unknown}
 g - a scroll of immolation {unknown}
 k - a scroll of teleportation {unknown}
 m - a scroll of random uselessness {unknown}
 n - a scroll of fog {unknown}
 o - a scroll of recharging {unknown}
 q - a scroll of identify {unknown}
 r - a scroll of magic mapping {unknown}
 s - a scroll of remove curse {unknown}
Potions
 i - a potion of flight {unknown}
 j - 3 potions of curing
 l - a potion of haste {unknown}
Books
 c - a book of Changes

   Spells                             Type                      Level
   a - Beastly Appendage              Transmutation                1
   b - Sticks to Snakes               Transmutation                2
   c - Spider Form                    Transmutation/Poison         3
   d - Ice Form                       Ice/Transmutation            4
   e - Blade Hands                    Transmutation                5
Comestibles
 d - 2 bread rations
 p - a beef jerky


   Skills:
 - Level 1.4 Fighting
 - Level 1.5 Dodging
 + Level 4.2 Unarmed Combat
 - Level 2.7 Spellcasting
 + Level 3.4 Transmutations
 + Level 2.2 Poison Magic


You had one spell level left.
You knew the following spells:

 Your Spells              Type           Power        Failure   Level  Hunger
a - Beastly Appendage     Trmt           ##....       8%          1    #......
b - Spider Form           Trmt/Pois      #.........   21%         3    ###....
c - Ice Form              Ice/Trmt       #.......     96%         4    #####..


Dungeon Overview and Level Annotations

Branches:
Dungeon (4/15)
 Temple: D:4-7

Altars:
Fedhas
Okawaru
Pakellas


Innate Abilities, Weirdness & Mutations

You have extremely sharp teeth.
Your natural rate of healing is unusually fast.
When hurt, damage is shared between your health and your magic reserves.
Your bite disrupts and absorbs the magic of your enemies.
Potions and wands cannot restore your health.
You are immune to rotting.
You have claws for feet.


Message History

Your feet morph into talons.
Something hits you.
You are poisoned.
You hit something. You claw something.
You feel sick.
You hear some strange, mumbled words.
You are confused.
Something hits you.
You closely miss something. You claw something. Your bite misses something.
You feel sick. Something hits you.
You are more poisoned.
You feel sick. Something hits you.
You are more poisoned.
You closely miss something. Your kick misses something. You punch something.
* * * LOW HITPOINT WARNING * * *
You feel sick.
You hear some strange, mumbled words.
A puff of flame appears from out of thin air!
The puff of flame hits you!
* * * LOW HITPOINT WARNING * * *
You die...

.#...#
#.....
...?..
...8..
......
#.....###
#).##
#...#
##.@#
####


There were no monsters in sight!

Vanquished Creatures
  2 orc priests
  3 adders
  2 oozes
  2 worms (D:2)
  3 dart slugs
  5 giant geckos
  7 orcs
  5 bats
  5 giant cockroaches
  5 goblins (D:1)
  5 hobgoblins
  3 jackals (D:3)
  7 kobolds
  2 quokkas (D:2)
  4 giant newts
  5 rats
65 creatures vanquished.

Notes
Turn   | Place    | Note
--------------------------------------------------------------
     0 | D:1      | Oddball22 the Vine Stalker Transmuter began the quest for the Orb.
     0 | D:1      | Reached XP level 1. HP: 9/9 MP: 4/4
    31 | D:1      | Reached skill level 1 in Fighting
    58 | D:1      | Reached XP level 2. HP: 14/14 MP: 6/6
   460 | D:1      | Reached XP level 3. HP: 16/18 MP: 7/7
   914 | D:1      | Learned a level 3 spell: Spider Form
  1026 | D:2      | Reached XP level 4. HP: 22/22 MP: 9/9
  1145 | D:2      | Found an oddly glowing altar of Pakellas.
  1371 | D:3      | Reached skill level 1 in Poison Magic
  1415 | D:3      | Reached XP level 5. HP: 12/25 MP: 5/10
  1626 | D:3      | Reached skill level 4 in Unarmed Combat
  1731 | D:3      | Found an iron altar of Okawaru.
  1776 | D:3      | Found a blossoming altar of Fedhas.
  2068 | D:3      | Learned a level 4 spell: Ice Form
  2116 | D:4      | Succumbed to an orc wizard's poison

Vault maps used:
D:1:      dpeg_arrival_line_fractal
D:2:      first_bread, grunt_pakellas_sulfur
D:3:      lemuel_coloured_pillars_altar, lemuel_crystal_altar,
          minmay_misc_feat_nine_boxes, serial_bayou_lagoon_b
D:4:      grunt_ministairs_6

Skill      XL: |  1  2  3  4  5 |
---------------+----------------+-----
Fighting       | 1 |  1.4
Transmutations | 3 |  3.4
Poison Magic   | 1 2 |  2.2
Unarmed Combat | 4 |  4.2
Dodging        | |  1.5
Spellcasting   | |  2.7

Action                   |  1- 3 |  4- 6 || total
-------------------------+-------+-------++-------
Melee: Unarmed           |   116 |   114 ||   230
 Cast: Beastly Appendage |     4 |     5 ||     9
       Spider Form       |       |     2 ||     2
  Eat: Chunk             |     1 |     3 ||     4
